Unix NetHack Version 3.7.0-94 Work-in-progress - last build Dec 18 2023 00:11:04 (7e3deff068b9ef4f2ebb9a71ea0f5c4a3b578a14,branch:master). Game began 2024-01-01 16:32:49, ended 2024-01-01 17:44:04. elenmirie, lawful female human Knight ----- ---- ------.|.---- ---------..----------------- ## ----%.||.....|.-- |^...>....*........)%.......-#0# ----.|...---.--....-- |....----------------------..#### |.........-------...| |.|.-- |-.@#| --....---).| |..-- |.|.-- |..uf| . ------ --<| ----.| --.|.(| -..%.... ------.----.)%.| --..|-.| ........ --..|....--.%.-----..--|[| ...... |............)---|..-- |.| .... |...............||.-- |.| --...---......--.--.| |.| |....| |..*)..-|....| |.-- --...| --......|---.| |.*| |..-- |.....-- |.-- --.| .| ---- --.....| |..| --.|-.| |......| |..| |..|.--- --...)-- ---- --.....| |..)-- ---...| --..| |..-- ---- ---- Elenmirie the Bachelor St:25 Dx:9 Co:12 In:8 Wi:16 Ch:18 Lawful Dlvl:4 $:0 HP:0(36) Pw:52(52) AC:0 Xp:6/635 T:4647 Hungry Burdened Latest messages: You see here a white gem. Suddenly, you notice a rock piercer. Arod hits the rock piercer. Arod misses the rock piercer. The rock piercer bites Arod. Arod misses the rock piercer. Arod misses the rock piercer. Arod hits the rock piercer. Arod misses the rock piercer. Arod misses the rock piercer. Arod misses the rock piercer. You kill the rock piercer! The jackal just misses! Arod misses the jackal. Arod misses the jackal. Arod misses the jackal. Arod bites the jackal. The jackal misses Arod. The grid bug misses! The jackal bites! The jackal bites! Arod misses the jackal. Arod bites the jackal. The jackal misses Arod. The kitten bites! Arod misses the jackal. Arod misses the jackal. You kill the grid bug! The jackal misses! Arod misses the jackal. Arod bites the jackal. The jackal is killed! Arod hits the jackal. The jackal is killed! You see here a jackal corpse. Arod hits the kitten. Arod misses the kitten. The kitten bites Arod. The kitten bites! The kitten misses! Arod misses the kitten. Arod bites the kitten. The kitten misses Arod. The kitten bites! You die... Do you want your possessions identified? [ynq] (y) y Do you want to see your attributes? [ynq] (y) y Do you want an account of creatures vanquished? [ynaq] (y) y Do you want to see your conduct and achievements? [ynq] (y) y Do you want to see the dungeon overview? [ynq] (y) y Inventory: Weapons a - the blessed rustproof +1 Excalibur (weapon in right hand) b - an uncursed +1 lance (alternate weapon; not wielded) Armor D - an uncursed +0 elven leather helm (being worn) t - an uncursed +0 pair of gauntlets of power (being worn) d - an uncursed +0 pair of water walking boots (being worn) E - an uncursed +0 shield of reflection (being worn) r - an uncursed +0 elven cloak (being worn) c - an uncursed +1 ring mail (being worn) Comestibles i - an uncursed holy hand grenade g - 5 uncursed apples h - 10 uncursed carrots j - an uncursed sprig of wolfsbane M - 2 uncursed tripe rations Scrolls e - a cursed scroll of light Rings V - an uncursed ring of free action R - an uncursed +1 ring of increase accuracy I - an uncursed ring of poison resistance Wands K - an uncursed wand of digging (0:5) p - an uncursed wand of digging (0:4) T - an uncursed wand of lightning (0:1) u - an uncursed wand of magic missile (0:6) J - an uncursed wand of opening (0:6) O - an uncursed wand of speed monster (0:3) Tools w - an uncursed sack containing 16 items f - a cursed credit card Z - an uncursed magic lamp (lit) Contents of the sack: 428 gold pieces 3 uncursed food rations a blessed scroll of blank paper a blessed scroll of destroy armor an uncursed scroll of earth a cursed scroll of earth an uncursed scroll of food detection 2 uncursed scrolls of light a cursed scroll of light an uncursed scroll of teleportation an uncursed spellbook of invisibility 2 uncursed potions of healing a cursed potion of object detection a blessed potion of oil an uncursed potion of polymorph an uncursed potion of sleeping Elenmirie the Knight's attributes: Background: You were a Bachelor, a level 6 female human Knight. You were lawful, on a mission for Lugh who was opposed by Brigit (neutral) and Manannan Mac Lir (chaotic). You were right-handed. You were in the Gnomish Mines, on level 4. You entered the dungeon 4647 turns ago. You had 635 experience points, 5 more were needed to attain level 7. Basics: You had 0 out of 36 hit points. You had all 52 energy points (spell power). Your armor class was 0. Your wallet was empty, but you had 428 zorkmids stashed away in your pack. Autopickup was on for '$' plus thrown. Final Characteristics: Your strength was 25 (base:13, peak:16, innate limit:18/100). Your dexterity was 9 (limit:18). Your constitution was 12 (limit:18). Your intelligence was 8 (limit:18). Your wisdom was 16 (limit:18). Your charisma was 18 (limit:18). Final Status: You were hungry. You were burdened; movement was slightly slowed. You were wielding a long sword. You were skilled in long sword. Final Attributes: You were piously aligned. You were level-drain resistant. You were telepathic. You had automatic searching. You were stealthy. You could jump. You could walk on water. You were warded. You had reflection. You are dead. Miscellaneous: You never encountered a bones level. Total elapsed playing time was 1 hour, 11 minutes and 15 seconds. Major events: Turn 1: elenmirie the lawful female human Knight entered the dungeon 613: entered the Gnomish Mines 1398: attained the rank of Esquire (level 3) 2822: entered Sokoban 3191: completed 1st Sokoban level 3604: attained the rank of Bachelor (level 6) 3685: signified by divine providence, was chosen to carry Excalibur 4647: killed by a kitten Vanquished creatures: a gnome ruler a gold golem a dingo a jaguar a snake a wood nymph a water nymph a rock piercer 2 ponies a shrieker 3 gnome leaders a gnomish wizard a gray ooze an elf zombie a baby crocodile a giant ant a little dog a floating eye 2 dwarves a homunculus a kobold leader 4 rothes a monkey 2 orc zombies 2 iguanas 3 coyotes 2 gas spores 2 large kobolds a hobgoblin 5 giant rats 2 brown molds a red mold 17 gnomes 2 gnome zombies 12 jackals 4 goblins a sewer rat 4 grid bugs 3 bats 6 lichens a kobold zombie 10 newts 110 creatures vanquished. No species were genocided or became extinct. Voluntary challenges: You read items or engraved 1 time. You never engraved Elbereth. You never genocided any monsters. You never polymorphed an object. You never changed form. You used no wishes. You did not violate any of the special Sokoban rules. Achievements: You entered the Gnomish Mines. You entered a shop. You attained the rank of Esquire. You entered Sokoban. You attained the rank of Bachelor. The Dungeons of Doom: levels 1 to 6 Level 1: Level 2: A sink. Stairs down to The Gnomish Mines. Level 3: An armor shop. Level 4: An armor shop, a fountain. Level 5: Many fountains. Oracle of Delphi. Level 6: Many fountains. Stairs up to Sokoban, level 5. The Gnomish Mines: levels 3 to 4 Level 3: Level 4: <- You were here. Final resting place for you, killed by a kitten. Sokoban: levels 5 up to 4 Level 4: Unsolved. Level 5: Solved. Game over: ---------- / \ / REST \ / IN \ / PEACE \ / \ | elenmirie | | 428 Au | | killed by a | | kitten | | | | | | 2024 | *| * * * | * _________)/\\_//(\/(/\)/\//\/|_)_______ Fare thee well elenmirie the Knight... You died in The Gnomish Mines on dungeon level 4 with 3196 points, and 428 pieces of gold, after 4647 moves. You were level 6 with a maximum of 36 hit points when you died.